 Dungeon Crawl Stone Soup version 0.26-a0-971-g1d9d62bb61 (webtiles) character file.

Game seed: 15327499455082593021

688 sahdkjhfkaj the Slicer (level 7, -4/61 HPs)
             Began as a Kobold Brigand on Dec 5, 2020.
             Slain by a river rat (5 damage)
             ... summoned by Eustachio
             ... on level 4 of the Dungeon.
             The game lasted 00:10:51 (3986 turns).

sahdkjhfkaj the Slicer (Kobold Brigand)             Turns: 3986, Time: 00:10:51

Health: -4/61      AC: 23    Str:  9      XL:     7   Next: 94%
Magic:  7/7        EV:  3    Int: 12      God:
Gold:   127        SH:  5    Dex: 17 (18) Spells: 6/6 levels left

rFire    . . .     SeeInvis .   (weapon restricted)
rCold    . . .     Faith    .   (shield restricted)
rNeg     + + +     Spirit   .   (armour currently unavailable)
rPois    +         Reflect  +   (helmet currently unavailable)
rElec    .         Harm     .   (cloak currently unavailable)
rCorr    .         Rampage  .   (gloves currently unavailable)
MR       .....     NoTele   +   (boots currently unavailable)
Stlth    ++++......             g - amulet of reflection
HPRegen  0.20/turn              j - ring of poison resistance
MPRegen  0.10/turn              (no ring)

@: tree-form, hasted, very quick
A: small, nightstalker 3
a: no special abilities


You were on level 4 of the Dungeon.
You were a tree.
You visited 1 branch of the dungeon, and saw 4 of its levels.

You collected 127 gold pieces.

Inventory:

Hand Weapons
 a - a +2 dagger of flaming
Missiles
 d - 7 poisoned darts (quivered)
 e - a curare-tipped dart
Armour
 c - a +1 cloak (melded)
 r - a +0 scale mail (melded)
Jewellery
 g - an amulet of reflection (around neck)
 j - a ring of poison resistance (left branch)
Wands
 u - a wand of digging (4)
Scrolls
 b - a scroll of fear {unknown}
 f - 3 scrolls of enchant armour
 k - 2 scrolls of remove curse
 m - 2 scrolls of fog
 o - 2 scrolls of teleportation
 p - a scroll of immolation
 q - a scroll of amnesia {unknown}
Potions
 i - a potion of brilliance {unknown}
 l - a potion of heal wounds {unknown}
 n - a potion of lignification
 s - a potion of might {unknown}
 t - a potion of curing {unknown}


   Skills:
 - Level 3.0 Fighting
 - Level 8.6 Short Blades
 - Level 3.0 Throwing
 - Level 2.0 Armour
 - Level 3.0 Dodging
 - Level 6.0 Stealth
 - Level 1.0 Shields
 + Level 0.0 Evocations


You had 6 spell levels left.
You didn't know any spells.
Your spell library contained the following spells:

 Spells                   Type           Power        Failure   Level
 Confusing Touch          Hex            #.......     69%         3
 Gell's Gravitas          Tloc           #.........   69%         3
 Petrify                  Tmut/Erth      #.......     97%         4
 Metabolic Englaciation   Hex/Ice        #.........   100%        5
 Yara's Violent Unravell  Hex/Tmut       #.........   100%        5


Dungeon Overview and Level Annotations

Branches:
Dungeon (4/15)
 Temple: D:4-7

Altars:
Fedhas
Nemelex Xobeh
Vehumet

Annotations:
D:4 Blork the orc, Eustachio


Innate Abilities, Weirdness & Mutations

You are small and have problems with some larger weapons.
You are completely attuned to the shadows.


Message History

The river rat is lightly wounded.
The river rat bites you but does no damage.
Blork the orc hits you but does no damage.
You smack the river rat!
The river rat is severely wounded.
The river rat bites you but does no damage.
Blork the orc hits you but does no damage.
Eustachio casts a spell.
Eustachio blinks!
You barely miss the river rat.
The river rat is severely wounded.
Blork the orc hits you from afar with a +0 halberd.
* * * LOW HITPOINT WARNING * * *
The river rat bites you but does no damage.
The iron imp grins evilly.
It was a potion of haste.
You feel yourself speed up.
Blork the orc hits you from afar with a +0 halberd.
* * * LOW HITPOINT WARNING * * *
The river rat bites you.
You die...

.........
####.##
.........
.....##
..?.......
######..
.......§..
#.......
.....@....
........
....ZrZ...
........
..##5o###
..P.....
.. ##r#
P.......
#♣##


PPP..... #..# ##.## #..# ##.###. #..... # #..... .. ##..... #.# #.#.### #.# You
could see Eustachio, Blork the orc (fast), an iron imp (summoned), a river rat
(summoned), a quokka (summoned), an adder skeleton and a quokka skeleton.

Vanquished Creatures
  Pikel (D:3)
  A hound (D:4)
  Jessica (D:3)
  A worker ant (D:4)
  A hound skeleton (D:4)
  4 gnolls (D:3)
  3 adders
  An ooze (D:1)
  An adder skeleton (D:4)
  2 dart slugs
  2 leopard geckos
  5 orcs (D:3)
  6 giant cockroaches
  4 hobgoblins
  2 jackals (D:3)
  10 kobolds
  8 bats
  3 frilled lizards
  9 goblins
  6 rats
71 creatures vanquished.

Vanquished Creatures (others)
  A plant (D:4)
1 creature vanquished.

Grand Total: 72 creatures vanquished

Notes
Turn   | Place    | Note
-------+----------+-------------------------------------------
     0 | D:1      | sahdkjhfkaj the Kobold Brigand began the quest for the Orb.
     0 | D:1      | Reached XP level 1. HP: 12/12 MP: 1/1
    32 | D:1      | Reached skill level 3 in Short Blades
   162 | D:1      | Reached XP level 2. HP: 13/17 MP: 2/2
   386 | D:1      | Reached skill level 4 in Short Blades
   386 | D:1      | Reached XP level 3. HP: 21/21 MP: 3/3
  1173 | D:2      | Reached skill level 1 in Armour
  1280 | D:2      | Found a radiant altar of Vehumet.
  1280 | D:2      | Found a blossoming altar of Fedhas.
  1280 | D:2      | Found a sparkling altar of Nemelex Xobeh.
  1734 | D:3      | Reached XP level 4. HP: 28/28 MP: 4/4
  1763 | D:3      | Noticed Jessica
  2450 | D:3      | Reached skill level 5 in Short Blades
  2461 | D:3      | Reached XP level 5. HP: 25/32 MP: 5/5
  2617 | D:3      | Killed Jessica
  3390 | D:4      | Noticed Pikel
  3390 | D:4      | Noticed a lemure
  3390 | D:4      | Noticed a lemure
  3390 | D:4      | Noticed a lemure
  3392 | D:4      | Noticed a lemure
  3437 | D:3      | Killed Pikel
  3438 | D:3      | Reached skill level 1 in Shields
  3438 | D:3      | Reached skill level 8 in Short Blades
  3438 | D:3      | Reached XP level 6. HP: 20/37 MP: 6/6
  3438 | D:3      | Reached XP level 7. HP: 23/41 MP: 7/7
  3904 | D:4      | Noticed Blork the orc
  3907 | D:4      | Noticed Eustachio
  3985 | D:4      | HP: 3/61 [Blork the orc/+0 halberd (6)]
  3986 | D:4      | HP: 1/61 [Blork the orc/+0 halberd (2)]
  3986 | D:4      | Slain by a river rat

Illustrated notes

Levels and vault maps discovered:
D:1:      dpeg_arrival_simpleton_c, layout_basic
D:2:      layout_basic, gammafunk_temple_overflow_claw
D:3:      layout_basic, serial_glass, glass_columns_b, glass_columns_a,
          minmay_unequal, uniq_jessica
D:4:      kennysheep_goblin_castle, layout_basic, kennysheep_mini, serial_shops,
          nicolae_shop_behind_doors, serial_forest,
          infiniplex_forest_clump_double, infiniplex_forest_clump_curved,
          infiniplex_forest_lined_corner, infiniplex_forest_clump_tiny,
          infiniplex_forest_clump_medium, infiniplex_forest_clump_diagonal,
          uniq_eustachio, uniq_blork_the_orc, uniq_pikel

Skill      XL: |  1  2  3  4  5  6  7 |
---------------+----------------------+-----
Short Blades   | 3 4 5 8 |  8.6
Dodging        | 2 3 |  3.0
Armour         | 1 2 |  2.0
Fighting       | 3 |  3.0
Throwing       | 3 |  3.0
Stealth        | 6 |  6.0
Shields        | 1 |  1.0

Action                   |  1- 3 |  4- 6 |  7- 9 || total
-------------------------+-------+-------+-------++-------
Melee: Dagger            |    53 |   124 |    75 ||   252
       Unarmed           |       |       |    19 ||    19
Throw: Dart              |       |     8 |       ||     8
  Use: Scroll            |     3 |     4 |       ||     7
       Potion            |       |       |     2 ||     2
 Stab: Sleeping          |    22 |     5 |     1 ||    28
Armor: Robe              |     3 |    29 |       ||    32
       Scale mail        |       |       |    37 ||    37
       Skin              |       |       |    23 ||    23
Dodge: Dodged            |    20 |    85 |    40 ||   145
Block: Other             |       |    26 |    27 ||    53
       Reflection        |       |     4 |       ||     4

Table legend: (Time is in decaauts)
 A = Elapsed time spent in this place.
 B = Non-inter-level travel time spent in this place.
 C = Inter-level travel time spent in this place.
 D = Time resting spent in this place.
 E = Time spent auto-exploring this place.
 F = Levels seen in this place.
 G = Mean time per level.
                   A        B        C        D        E       F      G
               +--------+--------+--------+--------+--------+-----+--------+
         Total |   3912 |   3830 |     82 |    563 |   2604 |   4 |  978.0 |
       Dungeon |   3912 |   3830 |     82 |    563 |   2604 |   4 |  978.0 |
               +--------+--------+--------+--------+--------+-----+--------+

Top non-repeatable levels by time:
     D:3: 1651 daAuts
     D:2: 1221 daAuts
     D:1: 717 daAuts
     D:4: 321 daAuts
